 Dungeon Crawl Stone Soup version 0.32-a0-814-g0968bab981 (webtiles) character file.

Game seed: 12778770087573676033

215 pokeman the Magician (level 5, 0/31 HPs)
             Began as a Deep Elf Hedge Wizard on Mar 22, 2024.
             Slain by a shadow imp (4 damage)
             ... on level 5 of the Dungeon.
             The game lasted 00:04:56 (2396 turns).

pokeman the Magician (Deep Elf Hedge Wizard)        Turns: 2396, Time: 00:04:57

Health: 0/31       AC:  4    Str:  7    XL:     5   Next: 60%
Magic:  14/15      EV: 12    Int: 21    God:
Gold:   85         SH:  0    Dex: 14    Spells: 8/16 levels left

rFire   . . .        a - +0 dagger
rCold   . . .        (no shield)
rNeg    . . .        b - +0 robe
rPois   .            c - +0 hat
rElec   .            (no cloak)
rCorr   .            k - +1 Delatra's gloves {ID++}
SInv    .            (no boots)
Will    .....        (no amulet)
Stlth   ++           (no ring)
HPRegen 0.25/turn    (no ring)
MPRegen 0.14/turn

%: no passive effects
@: very slightly contaminated
A: antennae 1, robust 1
a: no special abilities


You were on level 5 of the Dungeon.
You visited 1 branch of the dungeon, and saw 5 of its levels.

You collected 85 gold pieces.

Inventory:

Hand Weapons
 a - a +0 dagger (weapon)
Missiles
 h - 4 curare-tipped darts
Armour
 b - a +0 robe (worn)
 c - a +0 hat (worn)
 k - the +1 Delatra's gloves (worn) {ID++}
   (You found it on level 2 of the Dungeon)

   ID++:      It heals its wearer when they drink unknown potions, and restores
   their MP when they read unknown scrolls.
Jewellery
 n - an amulet of guardian spirit
Wands
 o - a wand of digging (7)
Scrolls
 e - 3 scrolls of revelation {unknown}
 g - a scroll of enchant armour {unknown}
 i - 2 scrolls of blinking {unknown}
 j - a scroll of vulnerability {unknown}
 m - a scroll of identify {unknown}
 p - a scroll of immolation {unknown}
 q - a scroll of fog {unknown}
Potions
 f - a potion of mutation
 l - a potion of curing


   Skills:
 - Level 1.0 Fighting
 - Level 1.0 Armour
 - Level 3.1 Dodging
 - Level 3.2 Stealth
 * Level 6.4 Spellcasting
 + Level 2.8 Conjurations
 - Level 1.1 Summonings
 - Level 1.1 Translocations
 + Level 0.3 Air Magic
 + Level 0.3 Alchemy
 + Level 0.2 Evocations


You had 8 spell levels left.
You knew the following spells:

 Your Spells              Type           Power      Damage    Failure   Level
a - Magic Dart            Conj           72%        1d6       3%          1
b - Mephitic Cloud        Conj/Alch/Air  11%        N/A       17%         3
c - Call Imp              Summ           22%        N/A       9%          2
d - Blink                 Tloc           22%        N/A       9%          2

Your spell library contained the following spells:

 Spells                   Type           Power      Damage    Failure   Level
 Slow                     Hex            24%        N/A       10%         1
 Cigotuvi's Dreadful Rot  Necr/Alch/Air  14%        N/A       13%         2
 Dazzling Flash           Conj/Hex       24%        N/A       16%         3
 Starburst                Conj/Fire      6%         6d4       100%        6
 Maxwell's Capacitive Co  Air            4%         ∞         100%        8


Dungeon Overview and Level Annotations

Branches:
Dungeon (6/15)
 Temple: D:4-7

Altars:


Innate Abilities, Weirdness & Mutations

You have a pair of small antennae on your head.
You are robust. (+10% HP)


Message History

Your Dodging skill increases to level 3!
Your Stealth skill increases to level 3!
Your Spellcasting skill increases to level 6!
You have reached level 5!
Your cerulean imp hits the iguana with a -3 spear.
The iguana is engulfed in noxious fumes.
The iguana appears confused.
The iguana bites you!
The iguana barely misses itself.
Things that are here:
a +0 orcbow; a centaur corpse
Okay, then.
Unknown command.
Your cerulean imp hits the iguana but does no damage.
The iguana is engulfed in noxious fumes.
The iguana appears confused.
The iguana bites itself.
The iguana is killed!
Something unseen opens the door.
A shadow imp comes into view.
Your cerulean imp hits the shadow imp but does no damage.
Your cerulean imp disappears in a puff of smoke!
You bump into the rock wall.
You feel less confused. The shadow imp gestures at you.
Pain shoots through your body!
* * * LOW HITPOINT WARNING * * *
The shadow imp hits you.
* * * LOW HITPOINT WARNING * * *
The shadow imp attacks as it pursues you!
The shadow imp barely misses you. Magic courses through your body.
The shadow imp hits you but does no damage.
Casting: Mephitic Cloud (quite dangerous; 17% risk of failure)
Confirm with . or Enter, or press ? or * to list all spells.
Aiming: Magic Dart (safe; 3% risk of failure)
Press: ? - help, Shift-Dir - straight line, f - shadow imp
Aim: a shadow imp (100% to hit)
You miscast Magic Dart.
You are very lightly contaminated with residual magic.
Nothing appears to happen.
The shadow imp hits you.
You die...

####### #.....#
#)....#########
#.....+..5>...#
#.5@..####5##.#
#......# #..#
#...)..# ##...
####.#... .....
#.#.### ##.B...
#'#.# .....
...# .... ..
..##


You could see a shadow imp.

Vanquished Creatures
  An iguana (D:5)
  An orc wizard (D:1)
  An adder (D:2)
  2 ufetubi (D:5)
  A ribbon worm (D:2)
  3 orcs
  4 ball pythons
  4 endoplasms
  5 goblins
  5 hobgoblins
  6 jackals
  3 kobolds (D:2)
  4 quokkas
  8 bats
  2 frilled lizards (D:2)
  4 rats (D:1)
54 creatures vanquished.

Vanquished Creatures (collateral kills)
  A centaur (D:5)
1 creature vanquished.

Grand Total: 55 creatures vanquished

Notes
Turn   | Place    | Note
-------+----------+-------------------------------------------
     0 | D:1      | pokeman the Deep Elf Hedge Wizard began the quest for the
                  | Orb.
     0 | D:1      | Reached XP level 1. HP: 10/10 MP: 7/7
   365 | D:1      | Reached XP level 2. HP: 16/16 MP: 6/9
  1286 | D:2      | Reached skill level 5 in Spellcasting
  1393 | D:2      | Reached XP level 3. HP: 20/20 MP: 8/11
  1410 | D:1      | Learned a level 3 spell: Mephitic Cloud
  1413 | D:1      | Learned a level 2 spell: Call Imp
  1416 | D:1      | Learned a level 2 spell: Blink
  1457 | D:1      | Reached skill level 1 in Fighting
  1457 | D:1      | Reached skill level 1 in Armour
  1530 | D:2      | Found the +1 Delatra's gloves {ID++}
  1586 | D:2      | Reached XP level 4. HP: 25/25 MP: 7/13
  2327 | D:3      | You fall into a shaft and drop 3 floors!
  2329 | D:5      | Entered Level 5 of the Dungeon
  2331 | D:5      | Noticed a centaur
  2361 | D:5      | Gained mutation: You have a pair of small antennae on your
                  | head. [potion of mutation]
  2361 | D:5      | Gained mutation: You are robust. (+10% HP) [potion of
                  | mutation]
  2379 | D:5      | Killed a centaur
  2380 | D:5      | Reached skill level 6 in Spellcasting
  2380 | D:5      | Reached XP level 5. HP: 23/31 MP: 1/15
  2396 | D:5      | Slain by a shadow imp

Illustrated notes

Levels and vault maps discovered:
D:1:      dpeg_arrival_concentric_ovals, layout_basic,
          chequers_serial_rivers_micro_b, minivault_19
D:2:      layout_rooms, nicolae_concentric_dashed_squares_wild,
          pf_guarded_unrand_delatra
D:3:      layout_loops_ring, uniq_ijyb
D:5:      minmay_chambers_of_fours, layout_basic
D:6:      layout_cave_pools, minmay_temple_entry_butterflies

Skill      XL: |  1  2  3  4 |
---------------+-------------+-----
Spellcasting   | 5 6 |  6.4
Fighting       | 1 |  1.0
Armour         | 1 |  1.0
Conjurations   | 2 |  2.8
Dodging        | 3 |  3.1
Stealth        | 3 |  3.2
Summonings     | |  1.1
Translocations | |  1.1
Air Magic      | |  0.3
Alchemy        | |  0.3
Evocations     | |  0.2

Action                     |  1- 3 |  4- 6 || total
---------------------------+-------+-------++-------
  Melee: Dagger            |    10 |    13 ||    23
   Cast: Magic Dart        |    62 |    51 ||   113
         Mephitic Cloud    |     1 |     2 ||     3
         Call Imp          |     1 |     2 ||     3
         Blink             |     1 |       ||     1
    Use: Potion            |       |     3 ||     3
   Stab: Confused          |     1 |       ||     1
 Armour: Robe              |    19 |    31 ||    50
  Dodge: Dodged            |    19 |    26 ||    45

Table legend: (Time is in decaauts)
 A = Elapsed time spent in this place.
 B = Non-inter-level travel time spent in this place.
 C = Inter-level travel time spent in this place.
 D = Time resting spent in this place.
 E = Time spent auto-exploring this place.
 F = Levels seen in this place.
 G = Mean time per level.
                   A        B        C        D        E       F      G
               +--------+--------+--------+--------+--------+-----+--------+
         Total |   2398 |   2382 |     16 |     84 |   1960 |   5 |  479.6 |
       Dungeon |   2398 |   2382 |     16 |     84 |   1960 |   5 |  479.6 |
               +--------+--------+--------+--------+--------+-----+--------+

Top non-repeatable levels by time:
     D:1: 1390 daAuts
     D:2: 919 daAuts
     D:5: 66 daAuts
     D:3: 19 daAuts
     D:6: 1 daAuts
